 Dungeon Crawl Stone Soup version 0.24.0-1-gfbc8707 (webtiles) character file.

Game seed: 16713674359446718352, levelgen mode: deterministic

307278 WimpyRanger the Unseen (level 22, -3/162 HPs)
             Began as a Halfling Wanderer on Nov 1, 2019.
             Was the Champion of Dithmenos.
             Slain by a titan (42 damage)
             ... on level 5 of the Vaults on Nov 3, 2019.
             The game lasted 04:27:47 (78428 turns).

WimpyRanger the Unseen (Halfling Wanderer)         Turns: 78428, Time: 04:27:48

Health: -3/162     AC: 32    Str: 24    XL:     22   Next: 11%
Magic:  26/33      EV: 35    Int: 20    God:    Dithmenos [******]
Gold:   715        SH:  5    Dex: 33    Spells: 17/36 levels left

rFire    . . .     SeeInvis +   O - +6 rapier (protect)
rCold    . . .     Gourm    .   (shield restricted)
rNeg     . . .     Faith    .   z - +7 ring mail "Pupnip" {MR+ Str+5 Dex+7 Stlth-}
rPois    +         Spirit   .   U - +2 helmet {Int+3}
rElec    .         Reflect  +   L - +2 cloak {rPois}
rCorr    .         Harm     .   u - +1 pair of gloves of Fortitude {Dex+4}
MR       ++...                  T - +2 pair of boots
Stlth    +++++++++.             Q - +5 amulet of reflection
HPRegen  1.37/turn              M - ring of see invisible
MPRegen  0.23/turn              Z - +6 ring of intelligence

@: mighty, silence, protection aura, regenerating (expiring), wreathed by umbra,
lightly drained
A: small, mutation resistance 1
}: 2/15 runes: decaying, silver
a: Renounce Religion


You were on level 5 of the Vaults.
You worshipped Dithmenos.
Dithmenos was exalted by your worship.
You were not hungry.

You visited 7 branches of the dungeon, and saw 34 of its levels.
You also visited: Ossuary.

You collected 3892 gold pieces.
You spent 3177 gold pieces at shops.

Inventory:

Hand Weapons
 d - the +1 quick blade of Xovos {flame, rC+ rN+}
   (You acquired it on level 6 of the Dungeon)

   It has been specially enchanted to burn those struck by it, causing extra
   injury to most foes and up to half again as much damage against particularly
   susceptible opponents.
   It protects you from cold.
   It protects you from negative energy.
 O - a +6 rapier of protection (weapon)
Missiles
 a - 4 throwing nets (quivered)
Armour
 u - the +1 pair of gloves of Fortitude (worn) {Dex+4}
   (You found it on level 15 of the Dungeon)

   It affects your dexterity (+4).
 z - the +7 ring mail "Pupnip" (worn) {MR+ Str+5 Dex+7 Stlth-}
   (You bought it in a shop on level 2 of the Orcish Mines)

   It affects your strength (+5).
   It affects your dexterity (+7).
   It affects your resistance to hostile enchantments.
   It makes you less stealthy.
 I - the +1 chain mail of Fabyfig {MR++ rCorr Dex+3}
   (You took it off an orc knight on level 5 of the Vaults)

   It affects your dexterity (+3).
   It affects your resistance to hostile enchantments.
   It provides partial protection from all sources of acid and corrosion.
 J - a +2 robe of positive energy
 L - a +2 cloak of poison resistance (worn)
 T - a +2 pair of boots (worn)
 U - a +2 helmet of intelligence (worn)
Magical Staves
 c - an uncursed staff of fire
Jewellery
 b - an uncursed ring of positive energy
 g - an uncursed amulet of the acrobat
 m - an uncursed ring of wizardry
 n - the amulet "Gaboanti" {Faith +Blink +Fly MP-9 Dex+3}
   (You found it on level 15 of the Dungeon)

   [amulet of faith]

   It allows you to gain divine favour quickly.
   It affects your dexterity (+3).
   It affects your magic capacity (-9).
   It lets you fly.
   It lets you blink.
 q - a +6 ring of strength
 H - an uncursed ring of fire
 M - a ring of see invisible (left hand)
 N - an uncursed ring of resist corrosion
 Q - a +5 amulet of reflection (around neck)
 Z - a +6 ring of intelligence (right hand)
Wands
 e - a wand of digging (10)
 i - a wand of flame (44)
 k - a wand of iceblast (28)
 p - a wand of paralysis (3)
 r - a wand of clouds (7)
 B - a wand of random effects (31)
Scrolls
 h - 10 scrolls of remove curse
 o - 2 scrolls of holy word
 v - 6 scrolls of identify
 w - 4 scrolls of noise
 y - 6 scrolls of amnesia
 E - 4 scrolls of enchant armour
 S - 2 scrolls of fog
 V - 2 scrolls of magic mapping
 W - 4 scrolls of vulnerability
Potions
 j - 3 potions of flight
 l - 3 potions of brilliance
 t - 3 potions of magic
 x - 2 potions of ambrosia
 K - 4 potions of mutation
 R - 3 potions of curing
 X - a potion of invisibility
Miscellaneous
 s - a fan of gales (inert)
 D - a lightning rod (1/4)
Comestibles
 f - 5 rations


   Skills:
 - Level 17.0(16.9) Fighting
 - Level 12.0(11.9) Short Blades
   Level 0.9 Polearms
 + Level 0.2(0.4) Staves
 + Level 0.2 Throwing
 - Level 5.0(4.9) Armour
 - Level 18.0(17.9) Dodging
 * Level 18.7 Stealth
 + Level 0.1 Unarmed Combat
 + Level 7.5 Spellcasting
 - Level 3.0(2.9) Conjurations
 - Level 1.0(0.9) Hexes
 - Level 4.1(4.0) Charms
 - Level 4.0 Necromancy
 - Level 8.4(8.3) Translocations
 - Level 2.0(1.9) Air Magic
 - Level 9.0(8.9) Poison Magic
 - Level 6.2 Invocations
 - Level 10.0(9.9) Evocations


You had 17 spell levels left.
You knew the following spells:

 Your Spells              Type           Power        Failure   Level  Hunger
a - Sting                 Conj/Pois      ####         1%          1    None
b - Poisonous Vapours     Pois/Air       ####..       2%          2    None
c - Mephitic Cloud        Conj/Pois/Air  ####....     6%          3    None
d - Olgreb's Toxic Radia  Pois           #####...     3%          4    ###....
e - Shroud of Golubria    Chrm/Tloc      ####..       1%          2    None
f - Infusion              Chrm           ###.         2%          1    None
g - Spectral Weapon       Hex/Chrm       ###.....     14%         3    None
h - Regeneration          Chrm/Necr      ###.......   8%          3    None

Your spell library contained the following spells:

 Spells                   Type           Power        Failure   Level  Hunger
 Song of Slaying          Chrm           ###.....     3%          2    None
 Portal Projectile        Hex/Tloc       ####..       6%          3    None
 Corona                   Hex            ##.....      9%          1    None
 Sandblast                Erth           #.....       14%         1    None
 Slow                     Hex            ##......     14%         2    None
 Passwall                 Tmut/Erth      #.......     21%         2    None
 Conjure Flame            Conj/Fire      ##......     22%         3    None
 Stone Arrow              Conj/Erth      ##....       22%         3    None
 Inner Flame              Hex/Fire       #.......     32%         3    None
 Venom Bolt               Conj/Pois      ####......   32%         5    #####..
 Cause Fear               Hex            ##........   65%         4    ###....
 Summon Lightning Spire   Summ/Air       ##......     65%         4    ###....
 Leda's Liquefaction      Hex/Erth       #.........   73%         4    ###....
 Petrify                  Tmut/Erth      #.......     80%         4    ###....
 Silence                  Hex/Air        ##........   90%         5    #####..
 Lee's Rapid Deconstruct  Erth           #.........   98%         5    #####..
 Deflect Missiles         Chrm/Air       ###.......   99%         6    ######.
 Conjure Ball Lightning   Conj/Air       ###.......   100%        6    ######.
 Freezing Cloud           Conj/Ice/Air   ##........   100%        6    ######.
 Ring of Flames           Chrm/Fire      ###.......   100%        7    #######
 Tornado                  Air            ###.......   100%        9    #######


Dungeon Overview and Level Annotations

Branches:
Dungeon (15/15)            Temple (0/1) D:6            Lair (6/6) D:9
  Swamp (4/4) Lair:2        Snake (1/4) Lair:2        Slime (0/5) Lair:5
    Orc (2/2) D:12            Elf (0/3) Orc:2        Vaults (5/5) D:14
  Crypt (0/3) Vaults:2     Depths (1/5) D:15        Ossuary (visited)

Altars:
Ashenzari
Dithmenos
Fedhas
Gozag
Hepliaklqana
Makhleb
Okawaru
Qazlal
Trog
Uskayaw
Vehumet
Xom
The Shining One
Beogh
Jiyva

Shops:
D:7 }   D:9 }   D:12 }   D:14 :   Orc:1 *   Orc:2 *[%*   Vaults:3 [
Vaults:4 ?

Annotations:
D:3 exclusion: door
D:5 exclusion: downstairs
D:9 1 exclusion
Lair:6 exclusion: 4 oklob plants
Swamp:3 2 runed translucent doors, komi's ghost, adept HOWn
Snake:1 5 transporters
Vaults:4 3 runed translucent doors, Dazliare's ghost, veteran VSWn


Innate Abilities, Weirdness & Mutations

You are small and have problems with some larger weapons.
You are somewhat resistant to further mutation.


Message History

The air twists around and strikes you!
* * * LOW HITPOINT WARNING * * *
Unknown command.
Press: ? - help, v - describe, . - travel
Here: a titan (black smoke, heavily wounded, umbra)
The floor, spattered with blood.
Unknown command.
Okay, then.
Unknown command.
Okay, then.
Okay, then.
Okay, then.
Press: ? - help, v - describe, . - travel
Here: a titan (black smoke, heavily wounded, umbra)
The floor, spattered with blood.
As you read the scroll of silence, it crumbles to dust.
A profound silence engulfs you.
Your skin is crawling a little less now.
The titan hits you!!!
You die...

.. )# .# ..# #%#
#.. #.. ..# ..#
..## ##.. # .
#.. #.. ..# $# .
.c##..##..##?#
#.. #).# §§#
#..##..##C§##..#
#..##§@##....#
#((##§§##....#
######
#########....#
......
..........#
......
..........#
......
..........#
......
..........#
###########
######....#
..##...##..
##..D......#


You could see a titan.

Vanquished Creatures
  Xtahua (Vaults:2)
  A golden dragon (Vaults:4)
  A tentacled monstrosity (Vaults:5)
  3 titans
  A quicksilver dragon (Vaults:5)
  Kirke (Lair:6)
  5 thorn hunters
  Agnes (D:15)
  3 sphinxes (Vaults:4)
  2 tengu reavers
  2 shadow dragons (Vaults:5)
  A storm dragon (Vaults:5)
  2 frost giants
  13 vault wardens
  A fire giant (Vaults:5)
  2 deep elf sorcerers
  3 orc warlords
  11 ironheart preservers
  8 very ugly things
  2 stone giants
  An entropy weaver (Vaults:4)
  A dire elephant (D:15)
  A spark wasp (shapeshifter) (Vaults:2)
  4 ettins
  A deep elf death mage (Vaults:4)
  A crystal guardian (Vaults:2)
  Josephine (D:11)
  2 great orbs of eyes
  10 yaktaur captains
  A fire dragon (Lair:6)
  3 deep elf high priests (Vaults:5)
  37 vault guards
  Erolcha (D:9)
  Harold (D:7)
  A rakshasa (D:13)
  A shambling mangrove (Swamp:2)
  25 hydras
  A ghost crab (Swamp:3)
  5 naga warriors
  2 catoblepae
  17 alligators
  6 centaur warriors
  An anaconda (shapeshifter) (Vaults:5)
  The ghost of XxsatanxX the Fighter, a novice MiBe of Trog (D:8)
  6 death yaks
  2 anacondas (Snake:1)
  21 two-headed ogres
  2 deep troll shamans (Vaults:3)
  3 ogre magi
  2 dancing weapons (Vaults:5)
  2 orc high priests
  A death knight (Vaults:2)
  A vampire mage (Vaults:2)
  2 shock serpents (shapeshifter)
  A naga sharpshooter (Snake:1)
  2 shock serpents
  7 deep elf knights
  4 hell knights (Vaults:4)
  Sonja (D:12)
  3 skeletal warriors (Vaults:2)
  A small abomination (Vaults:4)
  4 unseen horrors
  3 shadow wraiths
  2 unseen horrors (shapeshifter)
  3 spriggan druids
  A naga ritualist (Snake:1)
  A glowing orange brain (Vaults:2)
  9 swamp dragons
  A flayed ghost (Vaults:2)
  5 deep trolls (Vaults:3)
  6 deep elf archers
  A lindwurm (shapeshifter) (Vaults:4)
  A lindwurm (Lair:6)
  16 orc knights
  3 necromancers
  2 mana vipers (Snake:1)
  2 wolf spiders
  13 deep elf magi
  7 ironbrand convokers
  A manticore (shapeshifter) (Vaults:4)
  4 orc sorcerers
  4 manticores
  2 oklob plants
  7 cyclopes
  A moth of wrath (D:8)
  30 ugly things
  11 elephants
  Maurice (D:11)
  A moth of wrath (shapeshifter) (Vaults:4)
  A guardian serpent (Snake:1)
  11 vault sentinels
  Joseph (D:9)
  4 centaur zombies
  2 molten gargoyles (Lair:6)
  A black mamba (shapeshifter) (Vaults:4)
  16 black mambas
  3 naga magi
  A gargoyle (D:14)
  16 spiny frogs
  2 rime drakes
  16 yaktaurs
  4 kobold demonologists
  5 freezing wraiths
  13 komodo dragons
  Grinder (D:4)
  14 tyrant leeches
  8 trolls
  A polar bear (shapeshifter) (Vaults:4)
  A polar bear (Lair:5)
  7 bog bodies
  22 blink frogs
  3 hippogriffs
  A blink frog (shapeshifter) (D:13)
  A meliai zombie (D:11)
  A raiju (shapeshifter) (Vaults:4)
  16 hornets
  2 spriggans (shapeshifter)
  33 slime creatures
  7 spriggans
  3 shadows
  8 wraiths
  6 hogs
  8 wyverns
  3 vampires (Vaults:2)
  A golden eye (shapeshifter) (Vaults:2)
  64 yaks
  22 humans
  3 steam dragons
  7 basilisks
  3 hungry ghosts
  16 vampire mosquitoes
  Menkaure (D:6)
  12 swamp worms
  14 nagas
  9 wargs
  A soldier ant (shapeshifter) (Vaults:2)
  17 water moccasins
  Edmund (D:4)
  9 insubstantial wisps
  4 acid dragons
  3 hell hounds (Lair:6)
  12 porcupines
  Duvessa (D:7)
  3 sky beasts
  16 swamp drakes
  2 black bears
  A hornet zombie (D:10)
  71 orc warriors
  3 ice beasts
  7 necrophages
  An eye of draining (D:14)
  3 wolves (Lair:2)
  4 phantoms
  12 ogres
  33 centaurs
  13 crocodiles
  12 bullfrogs
  4 big kobolds
  2 gnoll sergeants
  A water moccasin zombie (D:12)
  A wyvern zombie (D:13)
  Dowan (D:7)
  6 scorpions
  4 killer bees
  3 electric eels
  17 wights
  2 howler monkeys
  3 lava snakes (Lair:6)
  8 crimson imps
  A bullfrog zombie (D:10)
  10 hounds
  A quasit (D:13)
  26 orc priests
  4 jellies
  3 bullfrog skeletons
  6 centaur skeletons
  2 iguanas
  41 orc wizards
  17 worker ants
  5 big kobold zombies (Ossuary)
  2 mummies
  A howler monkey zombie (D:6)
  A howler monkey skeleton (D:8)
  18 adders
  15 gnolls
  3 shadow imps
  An ooze (D:2)
  An adder zombie (D:10)
  3 adder skeletons
  3 worms
  4 dart slugs
  10 leopard geckos
  106 orcs
  7 bats
  6 giant cockroaches
  6 gnoll zombies (Ossuary)
  10 goblins
  8 hobgoblins
  17 jackals
  5 quokkas
  4 bat simulacra (Ossuary)
  3 frilled lizards
  A goblin simulacrum (Ossuary)
  4 goblin zombies
  2 hobgoblin zombies (Ossuary)
  18 kobolds
  4 kobold simulacra (Ossuary)
  8 kobold zombies (Ossuary)
  A leopard gecko skeleton (D:9)
  5 orc zombies (Ossuary)
  16 rats
  2 rat simulacra (Ossuary)
  A rat zombie (D:5)
  3 spectral goblins (Ossuary)
  5 spectral kobolds (Ossuary)
  4 spectral rats (Ossuary)
  A crawling corpse (Vaults:4)
  2 fungi (Lair:5)
  A plant (Lair:1)
1495 creatures vanquished.

Vanquished Creatures (others)
  2 humans (Lair:6)
  A vampire mosquito (Swamp:2)
  A centaur (Orc:2)
  A lava snake (Lair:6)
  An orc wizard (Orc:1)
  An orc (Orc:2)
  4 briar patches
  8 fungi
19 creatures vanquished.

Grand Total: 1514 creatures vanquished

Notes
Turn   | Place    | Note
-------+----------+-------------------------------------------
     0 | D:1      | WimpyRanger the Halfling Wanderer began the quest for the
                  | Orb.
     0 | D:1      | WimpyRanger set off with the following items: a +0 dagger,
                  | a potion of curing, a +0 robe, a ration; and the following
                  | spell memorised: Sting; and the following spells available
                  | to memorise: Poisonous Vapours, Mephitic Cloud, Olgreb's
                  | Toxic Radiance, Venom Bolt
     0 | D:1      | Reached XP level 1. HP: 14/14 MP: 3/3
    22 | D:1      | Reached XP level 2. HP: 10/19 MP: 0/4
   450 | D:1      | Learned a level 2 spell: Poisonous Vapours
   539 | D:1      | Reached XP level 3. HP: 24/24 MP: 5/5
   596 | D:1      | HP: 1/24 [gnoll/+0 flail of protection (6)]
  1621 | D:2      | Reached XP level 4. HP: 29/29 MP: 1/7
  2038 | D:2      | Reached skill level 1 in Dodging
  2057 | D:2      | Reached XP level 5. HP: 25/34 MP: 5/8
  3067 | D:2      | Reached skill level 1 in Air Magic
  3364 | D:3      | Learned a level 3 spell: Mephitic Cloud
  3727 | D:2      | Reached XP level 6. HP: 33/39 MP: 0/9
  4628 | D:3      | Noticed an ice beast
  4807 | D:4      | Noticed Edmund
  4850 | D:4      | Killed Edmund
  5038 | D:4      | Reached XP level 7. HP: 45/45 MP: 8/12
  5054 | D:4      | Found a stormy altar of Qazlal.
  6344 | D:4      | Noticed Grinder
  6448 | D:4      | Paralysed by Grinder for 7 turns
  6516 | D:5      | Entered Level 5 of the Dungeon
  6619 | D:5      | Found a shadowy altar of Dithmenos.
  6636 | D:5      | Found a sand-covered staircase.
  6637 | D:5      | Found a burning altar of Makhleb.
  6643 | Ossuary  | Entered an ossuary
  7700 | D:5      | Noticed a wraith
  7785 | D:4      | Paralysed by Grinder for 4 turns
  7793 | D:4      | Paralysed by Grinder for 4 turns
  7803 | D:4      | Paralysed by Grinder for 2 turns
  7810 | D:4      | Paralysed by Grinder for 6 turns
  7822 | D:4      | Killed Grinder
  7822 | D:4      | Reached skill level 5 in Dodging
  7822 | D:4      | Reached skill level 5 in Stealth
  7822 | D:4      | Reached XP level 8. HP: 50/50 MP: 13/13
  8194 | D:4      | Noticed a two-headed ogre
  8287 | D:4      | Killed a two-headed ogre
  8287 | D:4      | Reached XP level 9. HP: 54/54 MP: 3/14
  8958 | D:5      | HP: 2/81 [ogre/+0 giant club (25)]
  9981 | D:6      | Noticed Menkaure
 10225 | D:5      | Became a worshipper of Dithmenos the Shadowed
 10530 | D:6      | Killed Menkaure
 10530 | D:6      | Reached skill level 10 in Stealth
 11010 | D:6      | Found a staircase to the Ecumenical Temple.
 11590 | D:6      | Reached XP level 10. HP: 52/59 MP: 15/15
 11702 | D:6      | Learned a level 4 spell: Olgreb's Toxic Radiance
 11702 | D:6      | Identified a scroll of acquirement
 11703 | D:6      | Got a polished quick blade
 11705 | D:6      | Identified the +1 quick blade of Xovos {flame, rC+ rN+}
                  | (You acquired it on level 6 of the Dungeon)
 11719 | D:7      | Noticed Harold
 11826 | D:7      | Noticed Duvessa
 11837 | D:7      | Noticed Dowan
 11848 | D:7      | Killed Duvessa
 11867 | D:7      | Killed Dowan
 11900 | D:7      | Reached * piety under Dithmenos
 12285 | D:7      | Killed Harold
 12285 | D:7      | Reached skill level 5 in Short Blades
 12349 | D:7      | Found Wirhiace's Gadget Boutique.
 12672 | D:7      | Bought a wand of paralysis (11) for 182 gold pieces
 12672 | D:7      | Bought a wand of paralysis (8) for 140 gold pieces
 13114 | D:8      | Reached skill level 1 in Evocations
 13242 | D:8      | Found a transporter.
 13245 | D:8      | Noticed XxsatanxX's ghost (novice MiBe)
 13246 | D:8      | Noticed a moth of wrath
 13247 | D:8      | Found a bloodstained altar of Trog.
 13370 | D:8      | Reached ** piety under Dithmenos
 13584 | D:8      | Found a hazy altar of Hepliaklqana.
 13584 | D:8      | Found a glowing golden altar of the Shining One.
 13589 | D:8      | Found a shattered altar of Ashenzari.
 13589 | D:8      | Found a hide-covered altar of Uskayaw.
 13609 | D:8      | Found an iron altar of Okawaru.
 13609 | D:8      | Found a shimmering altar of Xom.
 13632 | D:8      | Noticed a two-headed ogre
 13648 | D:8      | Killed a two-headed ogre
 13648 | D:8      | Reached skill level 5 in Evocations
 13648 | D:8      | Reached XP level 11. HP: 41/64 MP: 12/16
 13916 | D:8      | Found a blossoming altar of Fedhas.
 14154 | D:8      | Found a transporter.
 15214 | D:9      | Noticed Joseph
 15216 | D:9      | Killed Joseph
 15261 | D:9      | Reached *** piety under Dithmenos
 15333 | D:9      | Found a staircase to the Lair.
 15468 | D:9      | Noticed Erolcha
 15984 | D:9      | Killed Erolcha
 16048 | D:9      | Found Duby's Gadget Emporium.
 16441 | D:10     | Entered Level 10 of the Dungeon
 16599 | D:10     | Found an opulent altar of Gozag.
 17318 | D:10     | Noticed a two-headed ogre
 17332 | D:10     | Killed a two-headed ogre
 17332 | D:10     | Reached XP level 12. HP: 70/70 MP: 7/17
 17947 | D:11     | Noticed a two-headed ogre
 17963 | D:11     | Killed a two-headed ogre
 18168 | D:11     | Noticed Josephine
 18223 | D:11     | Reached **** piety under Dithmenos
 18373 | D:11     | Killed Josephine
 18373 | D:11     | Reached skill level 15 in Stealth
 19209 | D:11     | Noticed a two-headed ogre
 19412 | D:11     | Found a blossoming altar of Fedhas.
 19623 | D:11     | Noticed Maurice
 19648 | D:11     | Killed Maurice
 19732 | D:12     | Found Suocvuga's Gadget Shoppe.
 20017 | D:12     | Found a radiant altar of Vehumet.
 20074 | D:12     | Reached skill level 1 in Armour
 20267 | D:12     | Noticed Sonja
 20276 | D:12     | Killed Sonja
 20276 | D:12     | Reached XP level 13. HP: 69/74 MP: 2/19
 20833 | D:12     | Found a staircase to the Orcish Mines.
 21208 | Orc:1    | Entered Level 1 of the Orcish Mines
 21231 | Orc:1    | Noticed an orc warlord
 21676 | Lair:1   | Entered Level 1 of the Lair of Beasts
 23197 | Lair:1   | Reached skill level 10 in Dodging
 24466 | Lair:2   | Found a staircase to the Swamp.
 25067 | Lair:2   | Found a staircase to the Snake Pit.
 25072 | Lair:2   | Reached ***** piety under Dithmenos
 25895 | D:12     | Reached skill level 5 in Poison Magic
 26217 | Lair:3   | Noticed a catoblepas
 26220 | Lair:3   | Killed a catoblepas
 27958 | Lair:3   | Reached skill level 5 in Fighting
 28114 | Lair:3   | Reached XP level 14. HP: 23/88 MP: 20/20
 29770 | D:9      | Bought a lightning rod (4/4) for 640 gold pieces
 31866 | Lair:4   | Got an ichor-stained dagger
 31867 | Lair:4   | Identified the +6 dagger "Zido" {pierce, rN+} (You found it
                  | on level 4 of the Lair of Beasts)
 33164 | Lair:5   | Reached skill level 10 in Short Blades
 34500 | Lair:5   | Found a staircase to the Slime Pits.
 34500 | Lair:5   | Found a viscous altar of Jiyva.
 34917 | Lair:6   | Entered Level 6 of the Lair of Beasts
 35645 | Lair:6   | Reached skill level 1 in Conjurations
 35657 | Lair:6   | Noticed Kirke
 35675 | Lair:6   | Noticed a sphinx
 35685 | Lair:6   | Killed Kirke
 35831 | Lair:6   | Found a large runed translucent door.
 35837 | Lair:6   | Found a large runed translucent door.
 35960 | Lair:6   | Reached XP level 15. HP: 70/97 MP: 15/21
 38372 | D:13     | Identified the cursed +0 rapier of Puogri Xigu {freeze,
                  | Str+4 Int+4 SInv}
 38847 | Orc:1    | Killed an orc warlord
 39598 | Orc:1    | Found Lorolam's General Store.
 39603 | Orc:1    | Bought a scroll of identify for 28 gold pieces
 39795 | Orc:2    | Entered Level 2 of the Orcish Mines
 39807 | Orc:2    | Found a staircase to the Elven Halls.
 40140 | Orc:2    | Noticed an orc warlord
 41325 | Orc:1    | Killed an orc warlord
 42513 | Orc:2    | Found a runed translucent door.
 42972 | Orc:2    | Reached ****** piety under Dithmenos
 43219 | Orc:2    | Found Ricaec's Armour Shop.
 43219 | Orc:2    | Found Ixtid's Food Shoppe.
 43221 | Orc:2    | Found Jeim Futh's Assorted Antiques.
 43223 | Orc:2    | Found Birph's Assorted Antiques.
 43227 | Orc:2    | Bought the +7 ring mail "Pupnip" {MR+ Str+5 Dex+7 Stlth-}
                  | for 980 gold pieces
 43506 | Orc:2    | Reached skill level 15 in Dodging
 44003 | Orc:2    | Found a roughly hewn altar of Beogh.
 44272 | D:13     | Reached XP level 16. HP: 105/105 MP: 22/22
 45315 | D:14     | Found Ohushiash's Book Shop.
 45333 | D:14     | Found an iron altar of Okawaru.
 45815 | D:14     | Noticed a storm dragon
 46006 | D:14     | Reached skill level 5 in Spellcasting
 46343 | D:14     | Found a gate to the Vaults.
 46353 | D:14     | Learned a level 2 spell: Shroud of Golubria
 46355 | D:14     | Learned a level 1 spell: Infusion
 46359 | D:14     | Learned a level 3 spell: Spectral Weapon
 46488 | D:14     | Reached skill level 1 in Charms
 46591 | D:14     | Reached skill level 1 in Hexes
 47150 | D:15     | Entered Level 15 of the Dungeon
 47578 | D:15     | Found an iron altar of Okawaru.
 47762 | D:15     | Found a staircase to the Depths.
 47831 | D:15     | Noticed Agnes
 48277 | D:15     | Reached skill level 10 in Evocations
 48283 | D:15     | Reached skill level 1 in Invocations
 48352 | D:15     | Got a scorched pewter amulet
 48386 | D:15     | Killed Agnes
 48952 | Swamp:1  | Entered Level 1 of the Swamp
 49005 | Swamp:1  | Identified the amulet "Gaboanti" {Faith +Blink +Fly MP-9
                  | Dex+3} (You found it on level 15 of the Dungeon)
 49151 | Swamp:1  | Noticed a thorn hunter
 49333 | Orc:2    | Bought a scroll of enchant weapon for 255 gold pieces
 49527 | Swamp:1  | Killed a thorn hunter
 49527 | Swamp:1  | Reached skill level 5 in Invocations
 49681 | Swamp:1  | Reached XP level 17. HP: 76/109 MP: 5/24
 49686 | Swamp:1  | Reached skill level 1 in Translocations
 51415 | Swamp:2  | Reached skill level 5 in Translocations
 54002 | Swamp:3  | Found a large runed translucent door.
 54002 | Swamp:3  | Found a large runed translucent door.
 54030 | Swamp:3  | Noticed a thorn hunter
 54397 | Swamp:3  | Killed a thorn hunter
 54677 | Swamp:3  | Noticed komi's ghost (adept HOWn)
 55035 | Swamp:4  | Entered Level 4 of the Swamp
 55271 | Swamp:4  | Noticed a thorn hunter
 55272 | Swamp:4  | Noticed a thorn hunter
 55573 | Swamp:3  | Learned a level 3 spell: Regeneration
 55616 | Swamp:4  | Killed a thorn hunter
 56408 | Swamp:4  | Noticed a thorn hunter
 56599 | Swamp:3  | Reached XP level 18. HP: 100/116 MP: 25/25
 56893 | D:8      | Killed XxsatanxX's ghost
 58354 | D:12     | Bought a wand of clouds (4) for 360 gold pieces
 58454 | Snake:1  | Entered Level 1 of the Snake Pit
 59493 | D:15     | Got a pair of translucent gloves
 59504 | D:15     | Identified the +1 pair of gloves of Fortitude {Dex+4} (You
                  | found it on level 15 of the Dungeon)
 59789 | Depths:1 | Entered Level 1 of the Depths
 60900 | Snake:1  | Found a transporter.
 60902 | Snake:1  | Found a transporter.
 60918 | Snake:1  | Found a transporter.
 61248 | Snake:1  | Found a transporter.
 61250 | Snake:1  | Found a transporter.
 62688 | Swamp:4  | Reached skill level 10 in Fighting
 62900 | Swamp:4  | Got a decaying rune of Zot
 63034 | Swamp:4  | Reached skill level 1 in Necromancy
 63867 | Orc:2    | Bought a ration for 55 gold pieces
 63867 | Orc:2    | Bought a ration for 55 gold pieces
 63977 | Vaults:1 | Entered Level 1 of the Vaults
 64563 | Vaults:1 | Found a flickering gateway to a bazaar.
 64768 | Vaults:1 | Reached XP level 19. HP: 95/129 MP: 26/26
 66220 | Vaults:2 | Noticed Xtahua
 66222 | Vaults:2 | Killed Xtahua
 67159 | Vaults:2 | Found a staircase to the Crypt.
 68259 | Vaults:3 | Found Myesas's Armour Shop.
 68501 | Vaults:3 | Reached XP level 20. HP: 101/143 MP: 24/27
 69214 | Vaults:3 | You fall into a shaft and drop 1 floor!
 69365 | Vaults:4 | Found a runed translucent gate.
 69365 | Vaults:4 | Found a runed translucent gate.
 69365 | Vaults:4 | Found a runed translucent gate.
 69365 | Vaults:4 | Noticed Dazliare's ghost (veteran VSWn)
 69366 | Vaults:4 | Identified the +9 great mace "Roysuts" {drain, rPois Str+2
                  | Dex-5 SInv}
 69383 | Vaults:4 | Identified the ring of Syndicalism {*Tele rN+}
 69383 | Vaults:4 | Identified the +7 great mace of Noupamou {freeze, rN+
                  | Dex+4}
 69399 | Vaults:4 | Reached skill level 15 in Fighting
 69838 | Vaults:4 | Found a roughly hewn altar of Beogh.
 71317 | Vaults:4 | Reached skill level 5 in Armour
 71932 | Vaults:4 | Found Jackor's Magic Scroll Boutique.
 72495 | Vaults:4 | Reached XP level 21. HP: 151/153 MP: 28/28
 72763 | Vaults:4 | Found a roughly hewn altar of Beogh.
 72795 | Vaults:5 | Entered Level 5 of the Vaults
 73237 | Vaults:4 | Bought a scroll of teleportation for 69 gold pieces
 73237 | Vaults:4 | Bought a scroll of enchant weapon for 172 gold pieces
 73237 | Vaults:4 | Bought a scroll of teleportation for 69 gold pieces
 73237 | Vaults:4 | Bought a scroll of blinking for 172 gold pieces
 75930 | Vaults:5 | Noticed a golden dragon
 76399 | Vaults:4 | Killed a golden dragon
 76763 | Vaults:5 | Paralysed by a floating eye for 3 turns
 76977 | Vaults:5 | Identified the +9 long sword of Coepiot {elec, rF++ rN++
                  | Int-5}
 76978 | Vaults:5 | Identified the +1 chain mail of Fabyfig {MR++ rCorr Dex+3}
 77852 | Vaults:5 | Reached XP level 22. HP: 148/162 MP: 32/32
 78350 | Vaults:5 | Got a silver rune of Zot
 78368 | Vaults:5 | Identified the +4 battleaxe of the Vine {antimagic, Str+5}
 78428 | Vaults:5 | Slain by a titan

Levels and vault maps discovered:
D:1:      scummos_arrival_simple_fountains, layout_rooms, hangedman_glass_teeth
D:2:      layout_rooms
D:3:      layout_basic, first_ration, gup_sewer_entry_spiral
D:4:      minmay_chambers_of_fours, layout_loops_ring,
          overflow_temple_1_default, serial_rivers,
          chequers_serial_rivers_large_b, chequers_serial_rivers_micro_a,
          chequers_serial_rivers_small_b, chequers_serial_rivers_micro_b,
          cheibrodos_gnoll_hut, uniq_edmund, uniq_grinder
D:5:      layout_loops_corners, bloody_makhleb,
          grunt_dithmenos_smoke_and_mirrors, enter_ossuary_4
D:6:      layout_rooms, minmay_temple_entry_water_ring, minmay_strange_pillars,
          uniq_menkaure
D:7:      layout_rooms, serial_shops, shop, uniq_duvessa, uniq_harold
D:8:      layout_loops_ring, grunt_temple_overflow_open,
          gammafunk_ghost_wrathful_warriors, grunt_livestock, minmay_manual_moon
D:9:      minmay_weird_star, layout_layer_cave, erik_lair_orcish_takeover,
          serial_shops, nicolae_shop_stone, minmay_misc_feat_cross,
          minmay_hedge_maze, minmay_diced_spiral, uniq_erolcha, uniq_joseph
D:10:     layout_gridville, serial_undead, serial_undead_b, serial_undead_b,
          serial_undead_f, serial_undead_f, serial_undead_b, serial_undead_e,
          grunt_gozag_breadcrumbs
D:11:     layout_roguey, fedhas_altar_3, uniq_josephine, uniq_maurice
D:12:     layout_roguey, serial_shops, shop, basic_altar, serial_bayou_pond_c,
          uniq_sonja
D:13:     layout_cave_pools
D:14:     layout_roguey, grunt_vaults_entry_tiered, lemuel_doored_altar,
          serial_shops, nicolae_shop_stone, kennysheep_island_fort
D:15:     hangedman_depths_entry_try_elsewhere_first, layout_stronghold,
          minmay_strange_pillars, lemuel_oklob_altar, uniq_agnes
Lair:1:   layout_regular_city, nicolae_lair_grove_arrangements,
          serial_bayou_lagoon_a, chequers_serial_rivers_small_a,
          lemuel_fruit_tree, lemuel_fruit_fields, minmay_lair_oklob_chamber
Lair:2:   layout_cave_pods, skrybe_swamp_entry_bodies,
          minmay_snake_entry_guardpost_small, minivault_26, beast_lair_carwin_2
Lair:3:   layout_chaotic_city, chequers_serial_rivers_small_3,
          grunt_megastairs_4, serial_bayou_shore_a
Lair:4:   layout_cave_pods, guppyfry_lair_drakes
Lair:5:   layout_layer_cave, slime_altar_1, beast_lair_carwin_4
Lair:6:   cheibrodos_lair_end_hotspot, layout_gridlike, zaba_anthole,
          disabler_island, uniq_kirke
Swamp:1:  layout_basic_swamp, nicolae_swamp_treefoil, swamp_pool4
Swamp:2:  layout_falls_marsh, nicolae_swamp_little_tower,
          infiniplex_staircase_pool_2
Swamp:3:  layout_falls_marsh, ebering_ghost_disaster_area,
          evilmike_swamp_ruin_house_1, swamp_pool1
Swamp:4:  swamp, layout_basic_swamp, swamp_pool1, ldierk_geyser
Snake:1:  gammafunk_the_bubble [the_bubble_gammafunk_roulette],
          layout_grid_shapes
Orc:1:    layout_caves, serial_shops, shop
Orc:2:    st_orc_rangers, layout_caves, lightli_church_of_beogh
Vaults:1: ontoclasm_vaults_fault, nicolae_vaults_rhombus_7, v_misc_17,
          vaults_room_large_hall, layout_vaults_chaotic_city, serial_shops,
          bzr_in_the_mist
Vaults:2: minmay_crypt_entry_vampire_xt, vaults_room_boxed,
          ontoclasm_vaults_tryst, ontoclasm_vaults_shout,
          nicolae_vaults_rhombus_6, grunt_vaults_funnel,
          nicolae_vaults_rhombus_6, nicolae_vaults_network_s, v_misc_18,
          vaults_room_corners, v_rooms_5, layout_vaults_omnicross, uniq_xtahua
Vaults:3: v_pattern_1, v_alt_pattern_6, v_alt_pattern_6,
          ontoclasm_vaults_gateway, nicolae_vaults_border_crossing,
          ontoclasm_vaults_claustrophobia, nicolae_vaults_quartermaster,
          vaults_room_large_hall, v_alt_pattern_1, v_misc_33,
          nicolae_vaults_theta, v_misc_17, ontoclasm_vaults_ligature,
          layout_vaults_omnigrid, serial_shops, nicolae_shop_statue_plus
Vaults:4: biasface_vaults_ghost_orc_armoury, nicolae_vaults_network_quincunx
          [nicolae_vaults_network_quincunx_subvault,
          nicolae_vaults_network_quincunx_subvault,
          nicolae_vaults_network_quincunx_subvault,
          nicolae_vaults_network_quincunx_subvault,
          nicolae_vaults_network_quincunx_subvault], vaults_dpeg_cross,
          nicolae_vaults_what_the_h, nicolae_vaults_three_branches,
          special_room_vaults [special_room_orc],
          nicolae_vaults_network_quinsquares
          [nicolae_vaults_network_quincunx_subvault,
          nicolae_vaults_network_quincunx_subvault,
          nicolae_vaults_network_quincunx_subvault,
          nicolae_vaults_network_quincunx_subvault],
          ontoclasm_vaults_ring_square, grunt_vaults_trifunnel,
          vaults_room_large_hall, nicolae_vaults_diagonal_hallway_6,
          nicolae_vaults_little_squares_3, vaults_room_grunt_arrival_ludios,
          serial_ice_m, layout_vaults_maze_bifur, serial_shops, shop
Vaults:5: serial_shops
Depths:1: layout_forbidden_donut, hell_entry, corexii_corridor_pit,
          nicolae_abyss_entry_one_way_or_another, serial_shops, shop,
          wad_dig_loot, kennysheep_cross_landing

Skill      XL: |  1  2  3  4  5  6  7  8  9 10 11 12 13 14 15 16 17 18 19 20 21 22 |
---------------+-------------------------------------------------------------------+-----
Fighting       | 2 5 7 8 11 14 16 17 | 17.0
Spellcasting   | 2 3 4 5 7 |  7.5
Dodging        | 1 2 5 6 7 9 10 11 15 16 17 18 | 18.0
Short Blades   | 2 3 5 8 10 11 12 | 12.0
Poison Magic   | 4 5 6 8 9 |  9.0
Air Magic      | 1 2 |  2.0
Stealth        | 3 5 8 10 12 14 16 17 18 | 18.7
Evocations     | 5 7 8 10 | 10.0
Armour         | 2 4 5 |  5.0
Conjurations   | 1 2 3 |  3.0
Charms         | 4 |  4.1
Hexes          | 1 |  1.0
Invocations    | 5 6 |  6.2
Translocations | 6 7 8 |  8.4
Necromancy     | 1 3 4 |  4.0
Polearms       | |  0.9
Staves         | |  0.2
Throwing       | |  0.2
Unarmed Combat | |  0.1

Action                   |  1- 3 |  4- 6 |  7- 9 | 10-12 | 13-15 | 16-18 | 19-21 | 22-24 || total
-------------------------+-------+-------+-------+-------+-------+-------+-------+-------++-------
Melee: Dagger            |    67 |       |       |       |    12 |       |       |       ||    79
       Short sword       |     5 |   123 |   526 |    21 |       |       |       |       ||   675
       Quick blade       |       |       |       |  1144 |   980 |       |       |       ||  2124
       Rapier            |       |       |       |       |  1465 |  2693 |  1900 |    97 ||  6155
       Punch             |       |       |       |       |       |     1 |     4 |       ||     5
Throw: Throwing net      |       |       |       |       |     2 |       |       |       ||     2
 Cast: Sting             |    30 |    54 |    46 |    15 |    16 |       |       |       ||   161
       Poisonous Vapours |     5 |    46 |    61 |   107 |   261 |     8 |     7 |       ||   495
       Mephitic Cloud    |       |     1 |     3 |    23 |    40 |     7 |     9 |       ||    83
       Olgreb's Toxic Ra |       |       |       |       |     7 |    18 |    96 |     2 ||   123
       Shroud of Golubri |       |       |       |       |       |    13 |    35 |     7 ||    55
       Infusion          |       |       |       |       |       |     3 |     2 |       ||     5
       Regeneration      |       |       |       |       |       |    19 |    54 |     5 ||    78
Invok: Shadow Step       |       |       |       |     2 |     3 |     5 |     1 |     1 ||    12
Evoke: Wand              |       |       |       |    33 |    51 |    13 |    31 |     1 ||   129
       Lightning rod     |       |       |       |       |    10 |    17 |     9 |     3 ||    39
       Box of beasts     |       |       |       |       |       |     1 |       |       ||     1
       Fan of gales      |       |       |       |       |       |       |     2 |       ||     2
  Use: Scroll            |       |     5 |     9 |     8 |    23 |    22 |     9 |     5 ||    81
       Potion            |       |       |    15 |     7 |     9 |    13 |     8 |     3 ||    55
 Stab: Sleeping          |       |     1 |    16 |    35 |    60 |    68 |    51 |     1 ||   232
       Invisible         |       |       |     4 |       |       |       |       |       ||     4
       Distracted        |       |       |     1 |     4 |     8 |    10 |    11 |     1 ||    35
       Confused          |       |       |       |    21 |    24 |     9 |       |       ||    54
       Paralysed         |       |       |       |    18 |     4 |       |     3 |     1 ||    26
       Held in net/web   |       |       |       |       |     1 |       |       |       ||     1
  Eat: Chunk             |     4 |    13 |     7 |    14 |    27 |    19 |    31 |     1 ||   116
       Ration            |       |     1 |     6 |     7 |    19 |    16 |    10 |       ||    59
Armor: Robe              |    10 |    19 |    40 |    57 |   204 |       |       |       ||   330
       Ring mail         |       |       |       |       |    22 |   517 |   275 |    15 ||   829
       Skin              |       |       |       |       |       |    15 |       |       ||    15
Dodge: Dodged            |    57 |   113 |   379 |   630 |  2035 |  3568 |  1793 |    66 ||  8641
Block: Other             |       |       |       |       |       |       |    91 |    14 ||   105
       Reflection        |       |       |       |       |       |       |    11 |     2 ||    13
